 Dungeon Crawl Stone Soup version 0.19.5 (webtiles) character file.

63 Azzok the Shooter (level 3, -4/31 HPs)
             Began as a Centaur Hunter on June 27, 2017.
             Killed by nerve-wracking pain
             ... invoked by an orc priest
              (6 damage)
             ... on level 2 of the Dungeon.
             The game lasted 00:03:56 (2243 turns).

Azzok the Shooter (Centaur Hunter)                  Turns: 2243, Time: 00:03:57

Health: -4/31      AC:  7    Str: 15    XL:     3   Next: 89%
Magic:  3/3        EV:  8    Int: 10    God:
Gold:   100        SH:  0    Dex:  9    Spells: 0 memorised, 2 levels left

rFire  . . .     SeeInvis .     b - +0 short sword
rCold  . . .     Gourm    .     q - +0 ring mail
rNeg   . . .     Faith    .     (no shield)
rPois  .         Spirit   .     t - +0 helmet
rElec  .         Reflect  .     r - +0 cloak
rCorr  .         Harm     .     (no gloves)
MR     .....                    (no barding)
Stlth  ..........               (no amulet)
                                (no ring)
                                (no ring)

@: very quick
A: hooves 3, deformed body, speed 2, tough skin 3
a: no special abilities


You were on level 2 of the Dungeon.
You were not hungry.

You visited 1 branch of the dungeon, and saw 3 of its levels.

You collected 100 gold pieces.

Inventory:

Hand Weapons
 a - a +1 shortbow
 b - a +0 short sword (weapon)
Missiles
 d - 78 arrows
Armour
 q - a +0 ring mail (worn)
 r - a +0 cloak (worn)
 t - a +0 helmet (worn)
Scrolls
 e - a scroll of remove curse {unknown}
 g - a scroll of magic mapping {unknown}
 k - 5 scrolls of identify {unknown}
 l - 2 scrolls of enchant armour {unknown}
 m - a scroll of random uselessness {unknown}
 o - a scroll of fog {unknown}
 u - a scroll of noise {unknown}
Potions
 h - 6 potions of curing {unknown}
 i - a potion of heal wounds {unknown}
 j - a potion of brilliance {unknown}
 n - a potion of mutation {unknown}
 s - 2 potions of degeneration {unknown}
Comestibles
 c - 7 chunks of flesh {@w0}
 f - a bread ration {@e1}
 p - a meat ration {@e2}


   Skills:
 + Level 3.1 Fighting
 * Level 6.5 Bows
 - Level 1.3 Dodging
 - Level 0.4 Stealth


You had 2 spell levels left.
You didn't know any spells.

Dungeon Overview and Level Annotations

Branches:
Dungeon (3/15)

Altars:
Qazlal


Innate Abilities, Weirdness & Mutations

You have hooves in place of feet.
Armour fits poorly on your strangely shaped body.
You cover ground very quickly.
You have extremely tough skin. (AC +3)


Message History

You barely miss the orc priest.
The orc priest is heavily wounded.
The orc closely misses you.
The orc priest miscasts a cantrip.
You hit the orc priest but do no damage.
The orc priest is heavily wounded.
The orc hits you but does no damage.
The orc priest looks encouraged for a moment.
The orc misses you.
You hit the orc priest but do no damage.
You kick the orc priest, but do no damage.
The orc priest is moderately wounded.
The orc priest hits you but does no damage.
The orc completely misses you.
You hit the orc priest.
The orc priest is heavily wounded.
The orc barely misses you.
The orc priest invokes the aid of Beogh against you.
Pain shoots through your body!
You die...

▒▒···▒▒·▒ ▒·▒
▒▒·▒▒▒·▒▒ ▒▒▒▒▒·▒
▒▒▒▒···▒▒ ▒·····▒
▒▒·····▒▒ ▒·▒▒▒)▒▒
▒▒·······▒▒ ▒·▒▒···▒
▒·········▒ ▒·▒▒···▒
▒▒·······▒▒ ▒·▒▒···▒
▒▒·····▒▒ ▒o▒▒▒·▒▒ ▒
▒·····▒▒ ▒@▒ ▒·▒ ▒
▒·▒▒·▒▒ ▒o▒ ▒·▒
▒▒▒▒▒·▒▒·▒ ▒·▒ ▒·▒
····'·▒▒·▒ ▒·▒ ▒·▒
▒▒▒·▒▒▒▒·▒ ▒·▒ ▒·▒ ▒
▒·▒ ▒·▒ ▒·▒ ▒·▒
▒▒▒·▒▒▒▒·▒▒▒▒▒▒▒[▒▒▒·▒
····▒················▒
▒▒▒'▒▒▒▒▒▒▒▒▒▒▒▒·▒▒▒▒▒


You could see an orc priest and an orc.

Vanquished Creatures
  An ooze (D:1)
  A worm (D:2)
  3 dart slugs
  3 leopard geckos (D:2)
  An orc (D:2)
  9 goblins
  5 hobgoblins
  A quokka (D:2)
  5 bats (D:1)
  3 frilled lizards
  6 kobolds
  9 rats
47 creatures vanquished.

Notes
Turn   | Place    | Note
-------+----------+-------------------------------------------
     0 | D:1      | Azzok the Centaur Hunter began the quest for the Orb.
     0 | D:1      | Reached XP level 1. HP: 17/17 MP: 1/1
   290 | D:1      | Reached XP level 2. HP: 24/25 MP: 2/2
   650 | D:1      | Reached skill level 6 in Bows
   757 | D:1      | Reached XP level 3. HP: 30/30 MP: 3/3
  1320 | D:2      | Found a stormy altar of Qazlal.
  1320 | D:2      | Noticed an air elemental
  1340 | D:2      | Noticed a fire elemental
  1340 | D:2      | Noticed a water elemental
  1340 | D:2      | Noticed an earth elemental
  2243 | D:2      | Killed from afar by an orc priest

Skill      XL: |  1  2  3 |
---------------+----------+-----
Bows           | 6 |  6.5
Fighting       | 3 |  3.1
Dodging        | |  1.3
Stealth        | |  0.4

Action                   || total
-------------------------++-------
Melee: Short sword       ||   180
       Kick              ||    32
  Eat: Chunk             ||     3
Armor: Leather armour    ||    56
       Ring mail         ||    14
Dodge: Dodged            ||    81
